 Dungeon Crawl Stone Soup version 0.32-a0-981-g384da2ce10 (webtiles) character file.

Game seed: 17575534089844096331

33 elagabalus the Shooter (level 3, 30/30 HPs)
             Began as a Minotaur Hunter on Apr 21, 2024.
             Quit the game on level 2 of the Dungeon.
             The game lasted 00:05:54 (768 turns).

elagabalus the Shooter (Minotaur Hunter)             Turns: 768, Time: 00:05:54

Health: 30/30      AC:  6    Str: 15    XL:     3   Next: 12%
Magic:  2/2        EV:  9    Int:  6    God:
Gold:   56         SH:  0    Dex: 15    Spells: 2/2 levels left

rFire   . . .        a - +0 shortbow
rCold   . . .        (shield currently unavailable)
rNeg    . . .        l - +0 scale mail
rPois   .            (helmet restricted)
rElec   .            (no cloak)
rCorr   .            (no gloves)
SInv    .            (no boots)
Will    .....        i - amulet of the acrobat Stlth
                     (no ring)
HPRegen 0.25/turn    (no ring)
MPRegen 0.08/turn

%: acrobat
@: no status effects
A: horns 2, retaliatory headbutt
a: no special abilities


You were on level 2 of the Dungeon.
You visited 1 branch of the dungeon, and saw 2 of its levels.

You collected 56 gold pieces.

Inventory:

Hand Weapons
 a - a +0 shortbow (weapon)
 k - the +5 short sword "Killer Klown's Doom" {protect, rC+ Str+4}
   (You found it on level 2 of the Dungeon)

   Str+4:     It affects your strength (+4).
   rC+:       It protects you from cold.
Armour
 c - a +0 leather armour
 l - a +0 scale mail (worn)
Jewellery
 i - an amulet of the acrobat (around neck)
Scrolls
 b - a scroll of butterflies
 j - a scroll of teleportation {unknown}
Potions
 d - a potion of heal wounds
 e - a potion of lignification {unknown}
 f - a potion of curing
 g - a potion of attraction {unknown}
 h - a potion of might {unknown}


   Skills:
 - Level 2.4 Fighting
 * Level 5.6 Ranged Weapons
 - Level 2.1 Dodging
 - Level 0.7 Stealth


You had 2 spell levels left.
You didn't know any spells.
Your spell library contained the following spells:

 Spells                   Type           Power      Damage    Failure   Level
 Lesser Beckoning         Tloc           0%         N/A       97%         2
 Maxwell's Portable Pile  Tloc           0%         2d(5-13)  99%         3
 Teleport Other           Tloc           0%         N/A       99%         3


Dungeon Overview and Level Annotations

Branches:
Dungeon (2/15)

Altars:


Innate Abilities, Weirdness & Mutations

You have a pair of horns on your head.
You reflexively headbutt those who attack you in melee.


Message History

You shoot an arrow. The arrow hits the hobgoblin!
You kill the hobgoblin!
You now have 56 gold pieces (gained 4).
Found a faintly glowing short sword.
You see here the +5 short sword "Killer Klown's Doom" {protect, rC+ Str+4}.
k - the +5 short sword "Killer Klown's Doom" {protect, rC+ Str+4} You see here a +0 whip.
An adder comes into view.
Fire: a) +0 shortbow
Press: ? - help, Q - select action Shift-Dir - straight line, f - adder
Aim: an adder (asleep, 98% to hit)
You shoot an arrow. The arrow hits the adder.
The adder hisses angrily.
The adder is moderately wounded.
Fire: a) +0 shortbow
Press: ? - help, Q - select action Shift-Dir - straight line, f/p - adder
Aim: an adder (moderately wounded, 42% to hit)
You shoot an arrow. The arrow hits the adder.
The adder is heavily wounded.
Unknown command.
Fire: a) +0 shortbow
Press: ? - help, Q - select action Shift-Dir - straight line, f/p - adder
Aim: an adder (heavily wounded, 42% to hit)
You shoot an arrow. The arrow barely misses the adder.
The adder closely misses you. You furiously retaliate!
You headbutt the adder!
You kill the adder!
You have reached level 3!
Your experience leads to an increase in your attributes!
Increase (S)trength, (I)ntelligence, or (D)exterity?
You feel agile. x2
Found a scale mail.
You see here a +0 scale mail.
l - a +0 scale mail You start removing your armour.
You continue removing your +0 leather armour. x4
You finish removing your +0 leather armour.
You start putting on your armour.
You continue putting on your +0 scale mail. x5
You finish putting on your +0 scale mail.
Are you sure you want to abandon this character and quit the game? (Confirm with "yes".)

##.##.# .##.
#.## .# ## .
#.# ## #
######.####
#.........#.
#...........#
#..........##
#.........##
#.@.......#
#.........#
#.........#
###########


There were no monsters in sight!

Vanquished Creatures
  An adder (D:2)
  A bat (D:1)
  3 endoplasms
  A giant cockroach (D:1)
  2 goblins (D:1)
  2 hobgoblins
  2 quokkas (D:1)
  3 ball pythons
  A frilled lizard (D:1)
  3 kobolds
  2 rats
21 creatures vanquished.

Notes
Turn   | Place    | Note
-------+----------+-------------------------------------------
     0 | D:1      | elagabalus the Minotaur Hunter began the quest for the Orb.
     0 | D:1      | Reached XP level 1. HP: 18/18 MP: 0/0
   180 | D:1      | Reached XP level 2. HP: 24/25 MP: 1/1
   202 | D:1      | Reached skill level 5 in Ranged Weapons
   556 | D:2      | Found a faded altar of an unknown god.
   728 | D:2      | Identified the +5 short sword "Killer Klown's Doom"
                  | {protect, rC+ Str+4}
   750 | D:2      | Reached XP level 3. HP: 30/30 MP: 2/2
   768 | D:2      | Quit the game

Illustrated notes

Levels and vault maps discovered:
D:1:      heliophobic_arrival_dark_side_of_the_moon, layout_loops_ring,
          serial_bayou_pond_a, minmay_misc_feat_enclosed
D:2:      layout_rooms, ebering_ecumenical_altar_webs,
          nicolae_houndstooth_variations

Skill      XL: |  1  2 |
---------------+-------+-----
Ranged Weapons | 5 |  5.6
Fighting       | |  2.4
Dodging        | |  2.1
Stealth        | |  0.7

Action                     || total
---------------------------++-------
   Fire: Shortbow          ||    66
    Use: Scroll            ||     2
 Armour: Leather armour    ||     8
  Dodge: Dodged            ||    16

Table legend: (Time is in decaauts)
 A = Elapsed time spent in this place.
 B = Non-inter-level travel time spent in this place.
 C = Inter-level travel time spent in this place.
 D = Time resting spent in this place.
 E = Time spent auto-exploring this place.
 F = Levels seen in this place.
 G = Mean time per level.
                   A        B        C        D        E       F      G
               +--------+--------+--------+--------+--------+-----+--------+
         Total |    779 |    779 |      0 |      0 |      0 |   2 |  389.5 |
       Dungeon |    779 |    779 |      0 |      0 |      0 |   2 |  389.5 |
               +--------+--------+--------+--------+--------+-----+--------+

Top non-repeatable levels by time:
     D:1: 545 daAuts
     D:2: 233 daAuts
